 Dungeon Crawl Stone Soup version 0.28.0 (webtiles) character file.

Game seed: 17159600259197234088

62 oldriver the Skirmisher (level 4, -3/31 HPs)
             Began as a Gargoyle Fighter on Feb 7, 2022.
             Slain by Grinder (7 damage)
             ... on level 3 of the Dungeon.
             The game lasted 00:01:43 (2065 turns).

oldriver the Skirmisher (Gargoyle Fighter)          Turns: 2065, Time: 00:01:43

Health: -3/31      AC: 10    Str: 21    XL:     4   Next: 8%
Magic:  4/4        EV:  9    Int:  9    God:
Gold:   89         SH:  4    Dex:  9    Spells: 3/3 levels left

rFire   . . .      SeeInvis .   a - +0 flail
rCold   . . .      Faith    .   c - +0 buckler
rNeg    + . .      Spirit   .   b - +0 scale mail
rPois   ∞          Reflect  .   (no helmet)
rElec   +          Harm     .   (no cloak)
rCorr   .          Rampage  .   (no gloves)
Will    .....                   (no boots)
Stlth   ..........              (no amulet)
HPRegen 0.10/turn               (no ring)
MPRegen 0.09/turn               (no ring)

@: no status effects
A: sickness immunity, AC +3, negative energy resistance 1, electricity
resistance, torment resistance 1, petrification resistance
a: no special abilities


You were on level 3 of the Dungeon.
You visited 1 branch of the dungeon, and saw 3 of its levels.

You collected 89 gold pieces.

Inventory:

Hand Weapons
 a - a +0 flail (weapon)
Armour
 b - a +0 scale mail (worn)
 c - a +0 buckler (worn)
Scrolls
 f - 3 scrolls of identify {unknown}
 i - a scroll of enchant armour {unknown}
 j - a scroll of silence {unknown}
 k - a scroll of teleportation {unknown}
Potions
 e - 2 potions of curing {unknown}
 h - a potion of cancellation {unknown}


   Skills:
 + Level 5.0 Fighting
 + Level 2.4 Maces & Flails
 - Level 3.2 Armour
 - Level 3.2 Shields


You had 3 spell levels left.
You didn't know any spells.
Your spell library contained the following spells:

 Spells                   Type           Power      Damage    Failure   Level
 Magic Dart               Conj           0%         1d3       82%         1
 Call Imp                 Summ           0%         N/A       91%         2
 Mephitic Cloud           Conj/Pois/Air  0%         N/A       99%         3
 Stone Arrow              Conj/Erth      0%         3d7       99%         3
 Animate Armour           Summ/Erth      0%         N/A       100%        4
 Lehudib's Crystal Spear  Conj/Erth      0%         10d2      100%        8


Dungeon Overview and Level Annotations

Branches:
Dungeon (3/15)

Altars:
Hepliaklqana
Qazlal

Shops:
D:1 (

Annotations:
D:3 Grinder


Innate Abilities, Weirdness & Mutations

You are immune to sickness and miasma.
Your stone body is resilient. (AC +3)
You are immune to poison.
You resist negative energy. (rN+)
You are resistant to electric shocks. (rElec)
You are resistant to unholy torment.
You are immune to petrification.


Message History

Grinder blinks!
Grinder gestures at you. You resist with significant effort.
You are too injured to fight recklessly!
You are too injured to fight recklessly!
You are too injured to fight recklessly!
Grinder hits you.
You writhe in agony.
You closely miss Grinder.
Grinder is severely wounded.
Grinder closely misses you.
You closely miss Grinder.
Grinder is severely wounded.
Grinder hits you.
* * * LOW HITPOINT WARNING * * *
You closely miss Grinder.
Grinder is severely wounded.
Grinder hits you but does no damage. Grinder gestures at you.
Pain shoots through your body!
* * * LOW HITPOINT WARNING * * *
You barely miss Grinder.
Grinder is severely wounded.
Grinder gestures at you. Pain shoots through your body!
* * * LOW HITPOINT WARNING * * *
You hit Grinder.
Grinder is severely wounded.
You block Grinder's attack.
You completely miss Grinder.
Grinder is severely wounded.
Grinder gestures at you. You resist with significant effort.
You sock Grinder!
Grinder is almost dead.
Grinder gestures at you. You resist with significant effort.
Grinder hits you but does no damage.
You hit Grinder but do no damage.
Grinder is almost dead.
Grinder hits you!
You die...

#..(..###### #
##'#..(5(..#
#.#.#####(#
#.#.###<#(#
#.#.#..÷..#
#.#.#.....#
#.#.#.(...#####
#.#.'.........#
..###...@5....#
#.........#
#.........#
#.........#
#.........#
#.........#
#.........#
#.........#
+.........#


You could see Grinder.

Vanquished Creatures
  3 adders (D:2)
  2 worms
  A dart slug (D:1)
  A ball python (D:2)
  5 endoplasms
  3 goblins
  2 hobgoblins (D:1)
  2 quokkas (D:1)
  2 bats
  3 frilled lizards
  5 kobolds
  A rat (D:1)
30 creatures vanquished.

Vanquished Creatures (others)
  A plant (D:3)
1 creature vanquished.

Grand Total: 31 creatures vanquished

Notes
Turn   | Place    | Note
-------+----------+-------------------------------------------
     0 | D:1      | oldriver the Gargoyle Fighter began the quest for the Orb.
     0 | D:1      | Reached XP level 1. HP: 14/14 MP: 1/1
    38 | D:1      | Found Tonuag's Antique Weapon Shoppe.
   256 | D:1      | Reached XP level 2. HP: 19/19 MP: 2/2
   821 | D:2      | Reached skill level 4 in Fighting
  1003 | D:2      | Reached XP level 3. HP: 21/24 MP: 3/3
  1472 | D:2      | Found a stormy altar of Qazlal.
  1507 | D:2      | Reached skill level 5 in Fighting
  1636 | D:3      | Reached XP level 4. HP: 28/31 MP: 4/4
  1697 | D:3      | Found a hazy altar of Hepliaklqana.
  1698 | D:3      | Noticed Grinder
  1717 | D:3      | Paralysed by Grinder for 4 turns
  1724 | D:3      | Paralysed by Grinder for 7 turns
  1745 | D:3      | HP: 1/31 [Grinder (4)]
  2065 | D:3      | Slain by Grinder

Illustrated notes

Levels and vault maps discovered:
D:1:      saegor_arrival_simple_b, layout_basic, serial_shops, shop,
          hangedman_feature_mirror
D:2:      layout_basic, basic_altar, chequers_serial_rivers_micro_c
D:3:      layout_basic, nicolae_hepliaklqana_hazy_memory,
          basic_ecumenical_altar, serial_shops, nicolae_shop_stone,
          uniq_natasha, uniq_grinder, uniq_crazy_yiuf_cottage

Skill      XL: |  1  2  3 |
---------------+----------+-----
Fighting       | 4 5 |  5.0
Maces & Flails | |  2.4
Armour         | |  3.2
Shields        | |  3.2

Action                   |  1- 3 |  4- 6 || total
-------------------------+-------+-------++-------
Melee: Flail             |   104 |    40 ||   144
Throw: Dart              |       |     5 ||     5
  Use: Potion            |       |     1 ||     1
Armor: Scale mail        |    50 |    13 ||    63
Dodge: Dodged            |    50 |    10 ||    60
Block: Buckler           |    15 |     5 ||    20
